 Dungeon Crawl Stone Soup version 0.31-a0-1499-ge0622b2318 (webtiles) character file.

Game seed: 15228189569168053681

406 mungbean the Firebug (level 6, -10/46 HPs)
             Began as a Human Fire Elementalist on Dec 29, 2023.
             Was a Follower of Vehumet.
             Mangled by an ice beast (13 damage)
             ... on level 4 of the Dungeon.
             The game lasted 00:03:53 (3713 turns).

mungbean the Firebug (Human Fire Elementalist)      Turns: 3713, Time: 00:03:55

Health: -10/46     AC:  2    Str:  9    XL:     6   Next: 87%
Magic:  0/10       EV: 13    Int: 17    God:    Vehumet [*.....]
Gold:   186        SH:  0    Dex: 13    Spells: 8/11 levels left

rFire   . . .        d - +1 short sword (venom)
rCold   . . .        (no shield)
rNeg    . . .        a - +0 robe
rPois   .            (no helmet)
rElec   .            (no cloak)
rCorr   .            (no gloves)
SInv    .            (no boots)
Will    .....        (no amulet)
Stlth   ++           (no ring)
HPRegen 0.27/turn    (no ring)
MPRegen 0.12/turn

%: no passive effects
@: no status effects
A: explore regen
a: Renounce Religion


You were on level 4 of the Dungeon.
You worshipped Vehumet.
Vehumet was aware of your devotion.
You visited 2 branches of the dungeon, and saw 6 of its levels.

You collected 186 gold pieces.

Inventory:

Hand Weapons
 d - a +1 short sword of venom (weapon)
Armour
 a - a +0 robe (worn)
Scrolls
 c - a scroll of immolation
 f - a scroll of identify {unknown}
 g - a scroll of blinking {unknown}
 i - a scroll of teleportation
 k - a scroll of enchant armour {unknown}
 n - 3 scrolls of brand weapon {unknown}
 p - a scroll of summoning {unknown}
Potions
 b - 2 potions of magic
 h - a potion of heal wounds {unknown}
 j - 2 potions of attraction {unknown}
 l - a potion of enlightenment {unknown}
 m - 2 potions of curing {unknown}
 o - a potion of lignification {unknown}
 q - a potion of brilliance {unknown}


   Skills:
 + Level 2.6 Fighting
 + Level 3.5 Dodging
 - Level 2.0 Stealth
 + Level 3.3 Spellcasting
 + Level 3.1 Conjurations
 + Level 4.3 Fire Magic


You had 8 spell levels left.
You knew the following spells:

 Your Spells              Type           Power      Damage    Failure   Level
a - Foxfire               Conj/Fire      60%        2x1d7     3%          1
b - Scorch                Fire           34%        2d6       4%          2

Your spell library contained the following spells:

 Spells                   Type           Power      Damage    Failure   Level
 Sting                    Conj/Alch      32%        1d5       9%          1
 Magic Dart               Conj           52%        1d5       4%          1
 Searing Ray              Conj           26%        2d5       7%          2
 Apportation              Tloc           4%         N/A       17%         1
 Inner Flame              Hex/Fire       10%        N/A       21%         3
 Volatile Blastmotes      Fire/Tloc      20%        2d11      21%         3
 Jinxbite                 Hex            4%         N/A       26%         2
 Dazzling Flash           Conj/Hex       16%        N/A       26%         3
 Flame Wave               Conj/Fire      15%        2d7       36%         4
 Fulminant Prism          Conj/Alch      4%         3d5       65%         4
 Alistair's Intoxication  Alch           1%         N/A       99%         5
 Starburst                Conj/Fire      7%         6d4       99%         6
 Maxwell's Capacitive Co  Air            1%         ∞         100%        8


Dungeon Overview and Level Annotations

Branches:
Dungeon (5/15)             Temple (1/1) D:4

Altars:
Ashenzari
Cheibriados
Dithmenos
Elyvilon
Fedhas
Gozag
Hepliaklqana
Makhleb
Nemelex Xobeh
Okawaru
Qazlal
Ru
Sif Muna
Trog
Uskayaw
Vehumet
Wu Jian
Xom
Yredelemnul
Zin
The Shining One

Annotations:
D:5 Blork the orc


Innate Abilities, Weirdness & Mutations

You regain HP and MP as you explore.


Message History

You feel sick. The goblin hits you with a +0 club.
* * * LOW HITPOINT WARNING * * *
Casting: Scorch (safe; 4% risk of failure)
Confirm with . or Enter, or press ? or * to list all spells.
You conjure some foxfire!
You feel sick. The goblin barely misses you.
As you read the scroll of teleportation, it crumbles to dust.
You feel strangely unstable.
You feel sick.
The foxfire hits the goblin.
You kill the goblin!
Vehumet accepts your kill.
The foxfire hits the ice beast.
The ice beast melts!
The ice beast is moderately wounded.
You feel sick.
You feel sick.
Your surroundings suddenly seem different.
You feel sick.
You feel sick.
You are no longer poisoned.
An ice beast is nearby!
The ice beast attacks as it pursues you!
The ice beast barely misses you.
Casting: Foxfire (safe; 3% risk of failure)
Confirm with . or Enter, or press ? or * to list all spells.
Flames lash the ice beast.
The ice beast melts!
The ice beast is moderately wounded.
The ice beast's fire resistance burns away.
The ice beast hits you but does no damage.
Casting: Scorch (safe; 4% risk of failure)
Confirm with . or Enter, or press ? or * to list all spells.
Flames lash the ice beast.
The ice beast melts!
The ice beast is heavily wounded.
The ice beast hits you. The ice beast freezes you!
* * * LOW HITPOINT WARNING * * *
Casting: Scorch (safe; 4% risk of failure)
Confirm with . or Enter, or press ? or * to list all spells.
Flames lash the ice beast.
The ice beast melts!
The ice beast is almost dead.
The ice beast hits you.
* * * LOW HITPOINT WARNING * * *
The ice beast freezes you!
You die...

...................#
...................+
...##..............#
...#########.......##
...##.....##........#
...............##..##
...............######
...##.....##...Y.<..#
...#########..÷.@..#########
..........#........##......#
..........#........'..P.P..##
.######..##############.##..#
. #####..###.####.<#P#)..#P.#
. #......'.............>....#
. #...[..#..........P#...#P##
#..##..##..##.....###.####
#.. #####..##.......P^P#


You could see an ice beast (combustible).

Vanquished Creatures
  A phantom (D:3)
  2 hounds
  A bombardier beetle (D:3)
  An orc priest (D:5)
  An orc wizard (D:5)
  An iguana (D:4)
  Robin (D:4)
  5 adders
  A ribbon worm (D:5)
  4 dart slugs
  5 orcs
  2 bats (D:2)
  6 endoplasms
  2 giant cockroaches
  15 goblins
  7 hobgoblins
  4 jackals (D:1)
  5 quokkas
  8 ball pythons
  3 frilled lizards (D:1)
  8 kobolds
  4 rats (D:2)
87 creatures vanquished.

Vanquished Creatures (others)
  150 foxfires
150 creatures vanquished.

Grand Total: 237 creatures vanquished

Notes
Turn   | Place    | Note
-------+----------+-------------------------------------------
     0 | D:1      | mungbean the Human Fire Elementalist began the quest for
                  | the Orb.
     0 | D:1      | Reached XP level 1. HP: 13/13 MP: 3/3
   100 | D:1      | Reached XP level 2. HP: 20/20 MP: 0/5
   426 | D:1      | Learned a level 2 spell: Scorch
   566 | D:1      | Reached XP level 3. HP: 11/25 MP: 6/6
   623 | D:1      | Found a faded altar of an unknown god.
   688 | D:1      | Reached skill level 1 in Fighting
  1381 | D:2      | Reached XP level 4. HP: 28/32 MP: 3/7
  2095 | D:3      | Noticed a phantom
  2101 | D:3      | Killed a phantom
  2102 | D:3      | Reached XP level 5. HP: 34/38 MP: 0/9
  3270 | D:4      | Found a staircase to the Ecumenical Temple.
  3278 | Temple   | Entered the Ecumenical Temple
  3287 | Temple   | Became a worshipper of Vehumet
  3397 | D:4      | Reached skill level 4 in Fire Magic
  3397 | D:4      | Reached XP level 6. HP: 44/44 MP: 5/10
  3496 | D:4      | You fall into a shaft and drop 1 floor!
  3496 | D:5      | Entered Level 5 of the Dungeon
  3498 | D:5      | Noticed Blork the orc
  3575 | D:4      | Noticed Robin
  3581 | D:4      | Killed Robin
  3618 | D:4      | Noticed an ice beast
  3649 | D:5      | Noticed an ice beast
  3672 | D:4      | Reached * piety under Vehumet
  3672 | D:4      | Offered knowledge of Sting by Vehumet.
  3713 | D:4      | Mangled by an ice beast

Illustrated notes

Levels and vault maps discovered:
D:1:      giann_forest_graveyard, layout_basic,
          ebering_ecumenical_altar_sacrificial
D:2:      layout_loops_ring
D:3:      layout_loops_ring
D:4:      layout_gridville, minmay_temple_entry_gardened_gates,
          minmay_gold_behind_fungi, uniq_robin
D:5:      minmay_general_purpose_star, layout_cave_pools, serial_rivers,
          chequers_serial_rivers_micro_b, chequers_serial_rivers_large_b,
          chequers_serial_rivers_micro_e, chequers_serial_rivers_micro_d,
          chequers_serial_rivers_room_b, chequers_serial_rivers_marsh,
          grunt_decor_fettered, sword_in_stone
Temple:   regret_index_temple_sigil_plot

Skill      XL: |  1  2  3  4  5  6 |
---------------+-------------------+-----
Fighting       | 1 2 |  2.6
Conjurations   | 2 3 |  3.1
Dodging        | 3 |  3.5
Spellcasting   | 3 |  3.3
Fire Magic     | 4 |  4.3
Stealth        | |  2.0

Action                     |  1- 3 |  4- 6 || total
---------------------------+-------+-------++-------
  Melee: Short sword       |    34 |    24 ||    58
         Punch             |       |     1 ||     1
   Cast: Foxfire           |    37 |    50 ||    87
         Scorch            |    13 |    39 ||    52
    Use: Scroll            |       |     4 ||     4
   Stab: Sleeping          |     2 |       ||     2
 Armour: Robe              |    29 |    41 ||    70
  Dodge: Dodged            |    28 |    59 ||    87

Table legend: (Time is in decaauts)
 A = Elapsed time spent in this place.
 B = Non-inter-level travel time spent in this place.
 C = Inter-level travel time spent in this place.
 D = Time resting spent in this place.
 E = Time spent auto-exploring this place.
 F = Levels seen in this place.
 G = Mean time per level.
                   A        B        C        D        E       F      G
               +--------+--------+--------+--------+--------+-----+--------+
         Total |   3712 |   3604 |    108 |      0 |   3068 |   6 |  618.7 |
       Dungeon |   3694 |   3602 |     92 |      0 |   3068 |   5 |  738.8 |
        Temple |     18 |      2 |     16 |      0 |      0 |   1 |   18.0 |
               +--------+--------+--------+--------+--------+-----+--------+

Top non-repeatable levels by time:
     D:3: 1181 daAuts
     D:2: 1070 daAuts
     D:1: 1007 daAuts
     D:4: 388 daAuts
     D:5: 45 daAuts
  Temple: 18 daAuts
